 Dungeon Crawl Stone Soup version 0.29-a0-234-g0dae59b3db (webtiles) character file.

Game seed: 18055688107676519776

2159 spaghetti the Archer (level 9, -2/54 HPs)
             Began as an Octopode Hunter on Mar 2, 2022.
             Killed from afar by a steam dragon (36 damage)
             ... with a ball of steam
             ... on level 6 of the Dungeon.
             The game lasted 00:08:58 (5741 turns).

spaghetti the Archer (Octopode Hunter)              Turns: 5741, Time: 00:08:59

Health: -2/54      AC:  1    Str: 21    XL:     9   Next: 31%
Magic:  9/9        EV: 17    Int: 14    God:
Gold:   284        SH:  0    Dex: 16    Spells: 5/8 levels left

rFire   x . .      SeeInvis .   a - +1 dagger (venom) {short}
rCold   + . .      Faith    .   (no shield)
rNeg    . . .      Spirit   .   (helmet restricted)
rPois   +          Reflect  .   (no amulet)
rElec   +          Harm     .   g - +6 ring of strength
rCorr   .          Rampage  .   p - +4 ring of evasion
Will    +....                   m - ring "Paxoij Dile" {Ice Drain rElec rPois Str+2}
Stlth   +++.......              (no ring)
HPRegen 0.18/turn               (no ring)
MPRegen 0.11/turn               (no ring)
                                (no ring)
                                (no ring)

@: no status effects
A: almost no armour, amphibious, 8 rings, camouflage 1, gelatinous body 1,
(nimble swimmer 1), tentacles, strong-willed 1, strong 1
a: no special abilities


You were on level 6 of the Dungeon.
You visited 1 branch of the dungeon, and saw 6 of its levels.

You collected 284 gold pieces.


Innate Abilities, Weirdness & Mutations

You cannot wear most types of armour.
You are amphibious.
You can wear up to eight rings at the same time.
Your skin changes colour to match your surroundings (Stealth+).
Your rubbery body absorbs attacks. (AC +1, EV +1)
((You are camouflaged when in or above water. (Stealth+)))
You have tentacles for arms and can constrict up to eight enemies at once.
You are strong-willed. (Will+)
Your muscles are strong. (Str +2)


   Skills:
 - Level 2.0 Fighting
 + Level 11.9 Bows
 - Level 2.0 Dodging
 - Level 1.3 Stealth
 - Level 4.0 Air Magic


You had 5 spell levels left.
You knew the following spells:

 Your Spells              Type           Power      Damage    Failure   Level
a - Swiftness             Air            11%        N/A       17%         3

Your spell library contained the following spells:

 Spells                   Type           Power      Damage    Failure   Level
 Shock                    Conj/Air       20%        1d4       13%         1
 Static Discharge         Conj/Air       5%         N/A       19%         2
 Ensorcelled Hibernation  Hex/Ice        0%         N/A       41%         2
 Passwall                 Tmut/Erth      0%         N/A       41%         2
 Airstrike                Air            5%         N/A       50%         4
 Lightning Bolt           Conj/Air       2%         1d14      98%         5
 Maxwell's Capacitive Co  Air            5%         ∞         100%        8

Inventory:

Hand Weapons
 a - a +1 dagger of venom (weapon) {short}
   (You took it off a kobold on level 1 of the Dungeon)
 b - a +2 shortbow of freezing {bow}
 d - a +2 mace of holy wrath {mace}
   (You found it on level 1 of the Dungeon)
Missiles
 j - 189 stones {throwing}
Magical Staves
 k - a staff of death {!astaff}
   (You found it on level 5 of the Dungeon)
Jewellery
 g - a +6 ring of strength (left tentacle)
   (You found it on level 1 of the Dungeon)
 m - the ring "Paxoij Dile" (on tentacle) {Ice Drain rElec rPois Str+2}
   (You found it on level 6 of the Dungeon)

   [ring of ice]

   It enhances your ice magic.
   Str:       It affects your strength (+2).
   rF:        It makes you vulnerable to fire.
   rC:        It protects you from cold.
   rElec:     It insulates you from electricity.
   rPois:     It protects you from poison.
   Drain:     It drains your maximum health when unequipped.
 p - a +4 ring of evasion (right tentacle)
   (You found it on level 2 of the Dungeon)
Wands
 l - a wand of acid (8)
   (You found it on level 4 of the Dungeon)
Scrolls
 c - 2 scrolls of noise {!r}
 f - a scroll of blinking {!r}
 h - a scroll of torment {!r}
 i - 4 scrolls of identify {@r1}
 n - 2 scrolls of amnesia
 q - 3 scrolls of teleportation {@r4}
 s - a scroll of fear
Potions
 e - 3 potions of lignification {!q}
 o - a potion of haste {@q3}
 r - a potion of curing {@q1}
 t - a potion of might
 u - a potion of heal wounds {@q2}

Dungeon Overview and Level Annotations

Branches:
Dungeon (6/15)
 Temple: D:4-7

Altars:
Elyvilon
Ru
Trog

#.. #.# ######## #.#
.# #......###.###....
##..............#
....#.....#.##### #
#.......##.# ..$
######.###.#####.....
#.# #...@D...... #.#
#######..... ##'##
... ##...## . #
##.....## ##
##.......##
.####.........#
....'.........+
.####.........#


You could see a steam dragon (extremely poisoned, catching breath).


Message History

You shoot an arrow. The arrow hits the iguana.
The arrow freezes the iguana.
The iguana hisses angrily.
You shoot an arrow. The arrow barely misses the iguana.
You shoot an arrow. The arrow hits the iguana!
The iguana seems to slow down.
The arrow freezes the iguana.
You kill the iguana!
No target in view!
There is a stone staircase leading up here.
You now have 284 gold pieces (gained 10).
Found a stone staircase leading down.
You see here an iguana corpse.
A scorpion comes into view.
You shoot an arrow. The arrow hits the scorpion.
The arrow freezes the scorpion.
You shoot an arrow.
The arrow completely misses the scorpion.
You shoot an arrow. The arrow hits the scorpion.
The arrow freezes the scorpion.
You shoot an arrow. The arrow hits the scorpion.
The arrow freezes the scorpion.
The scorpion stings you. 😕 HP[-4]
You take 4 damage, and now have 50/54 hp.
Your +2 shortbow of freezing {bow} stops glowing.
Your +1 dagger of venom {short} begins to drip with poison!
a - a +1 dagger of venom (weapon)
{short} You hit the scorpion but do no damage.
The scorpion is poisoned.
You grab the scorpion. You squeeze the scorpion. You constrict the scorpion.
The scorpion barely misses you.
You hit the scorpion but do no damage.
The scorpion looks as sick as possible!
You constrict the scorpion, but do no damage.
You kill the scorpion!
Your +1 dagger of venom {short} stops dripping with poison.
Your +2 shortbow of freezing {bow} is covered in frost.
b - a +2 shortbow of freezing (weapon)
{bow} You open the door.
There is an open door here.
You open the door.
There is an open door here.
m - the ring "Paxoij Dile" {Ice Drain rElec rPois Str+2} 😎 HP[+4]
Your hp is fully restored (54).
Really put on
m - the ring "Paxoij Dile" {Ice Drain rElec rPois Str+2}?
You feel more attuned to ice.
You feel stronger.
m - the ring "Paxoij Dile" (on tentacle) {Ice Drain rElec rPois Str+2} Your +2 shortbow of freezing {bow} stops glowing.
Your +1 dagger of venom {short} begins to drip with poison!
a - a +1 dagger of venom (weapon)
{short} A scorpion comes into view.
A scorpion is nearby!
Your +1 dagger of venom {short} stops dripping with poison.
Your +2 shortbow of freezing {bow} is covered in frost.
b - a +2 shortbow of freezing (weapon)
{bow} You shoot an arrow.
The arrow hits the scorpion but does no damage.
You shoot an arrow. The arrow hits the scorpion!
The arrow freezes the scorpion.
You shoot an arrow.
The arrow hits the scorpion but does no damage.
You shoot an arrow. The arrow hits the scorpion!
The arrow freezes the scorpion.
You kill the scorpion!
A steam dragon comes into view.
You shoot an arrow. The arrow hits the steam dragon!
The arrow freezes the steam dragon.
You shoot an arrow. The arrow hits the steam dragon.
The arrow freezes the steam dragon.
You shoot an arrow.
The arrow barely misses the steam dragon.
You shoot an arrow.
The arrow hits the steam dragon but does no damage.
You shoot an arrow.
The arrow closely misses the steam dragon.
Your +2 shortbow of freezing {bow} stops glowing.
Your +1 dagger of venom {short} begins to drip with poison!
a - a +1 dagger of venom (weapon)
{short} The steam dragon barely misses you.
The steam dragon completely misses you.
You barely miss the steam dragon. The steam dragon bites you!
The steam dragon closely misses you. 😕 HP[-9]
You take 9 damage, and now have 45/54 hp.
You hit the steam dragon but do no damage.
The steam dragon is poisoned.
The steam dragon bites you! The steam dragon misses you. 😮 HP[-8]
You take 8 damage, and now have 37/54 hp.
You hit the steam dragon.
The steam dragon looks as sick as possible!
You squeeze the steam dragon, but do no damage.
The steam dragon bites you. The steam dragon misses you. 😮 HP[-3]
You take 3 damage, and now have 34/54 hp.
You hit the steam dragon but do no damage.
Your squeeze misses the steam dragon. The steam dragon misses you.
The steam dragon closely misses you.
You hit the steam dragon. The steam dragon breathes steam at you.
The ball of steam hits you!!! The steam scalds you terribly!
Ouch! That really hurt!
You die...

Skill      XL: |  1  2  3  4  5  6  7  8 |
---------------+-------------------------+-----
Bows           | 6 7 9 11 | 11.9
Air Magic      | 3 4 |  4.0
Fighting       | |  2.0
Dodging        | |  2.0
Stealth        | |  1.3

Action                   |  1- 3 |  4- 6 |  7- 9 || total
-------------------------+-------+-------+-------++-------
Melee: Dagger            |    11 |    12 |    27 ||    50
       Constrict         |     2 |     6 |     7 ||    15
       Tentacles         |     3 |     5 |     6 ||    14
 Fire: Shortbow          |    37 |    69 |   184 ||   290
 Cast: Swiftness         |       |       |     3 ||     3
Evoke: Wand              |       |       |     1 ||     1
  Use: Scroll            |     1 |     6 |     9 ||    16
       Potion            |       |     3 |       ||     3
Armor: Skin              |     8 |       |     1 ||     9
Dodge: Dodged            |    12 |    15 |    39 ||    66

Levels and vault maps discovered:
D:1:      ncdulo_halloftheorcs, layout_loops_cross, ebering_ecumenical_altar_box
D:2:      layout_basic, minmay_pentomino_t2, uniq_sigmund
D:3:      layout_basic, nicolae_ru_awakened_eye,
          mainiacjoe_overflow_surrounded_room, uniq_grinder
D:4:      layout_rooms, mainiacjoe_overflow_alcove_1, uniq_pikel
D:5:      layout_basic, serial_bayou_lagoon_b
D:6:      layout_loops_corners

Notes
Turn   | Place    | Note
-------+----------+-------------------------------------------
     0 | D:1      | spaghetti the Octopode Hunter began the quest for the Orb.
     0 | D:1      | Reached XP level 1. HP: 14/14 MP: 1/1
     0 | D:1      | magus.rc [v1.9.6]
   169 | D:1      | Reached XP level 2. HP: 19/19 MP: 2/2
   250 | D:1      | Found a faded altar of an unknown god.
   745 | D:2      | Reached XP level 3. HP: 24/24 MP: 3/3
   806 | D:2      | Noticed Sigmund
   816 | D:2      | HP: 6/24 [poisoned by Sigmund]
   816 | D:2      | Killed Sigmund
   817 | D:2      | Reached skill level 6 in Bows
   817 | D:2      | Reached XP level 4. HP: 8/29 MP: 4/4
   817 | D:2      | Reached XP level 5. HP: 9/34 MP: 5/5
  1273 | D:2      | You pick up a book of Lightning and begin reading...
  1273 | D:2      | You add the spells Static Discharge, Lightning Bolt and
                  | Maxwell's Capacitive Coupling to your library.
  1347 | D:2      | Reached skill level 7 in Bows
  1702 | D:2      | Reached XP level 6. HP: 39/39 MP: 6/6
  2086 | D:3      | Found a white marble altar of Elyvilon.
  2235 | D:3      | Found a sacrificial altar of Ru.
  2289 | D:3      | You pick up a book of Air and begin reading...
  2289 | D:3      | You add the spells Shock, Swiftness and Airstrike to your
                  | library.
  2300 | D:3      | Learned a level 3 spell: Swiftness
  2456 | D:3      | Noticed Grinder
  2457 | D:3      | Paralysed by Grinder for 6 turns
  2468 | D:3      | Paralysed by Grinder for 2 turns
  2474 | D:3      | HP: 9/39 [Grinder (4)]
  2476 | D:3      | Gained mutation: Your muscles are strong. (Str +2) [potion
                  | of mutation]
  2476 | D:3      | Gained mutation: You are strong-willed. (Will+) [potion of
                  | mutation]
  2478 | D:3      | Killed Grinder
  2479 | D:3      | Reached skill level 3 in Air Magic
  2479 | D:3      | Reached XP level 7. HP: 11/45 MP: 7/7
  3165 | D:4      | Reached skill level 4 in Air Magic
  3529 | D:4      | Noticed Pikel
  3539 | D:4      | HP: 6/45 [Pikel/+0 whip of freezing (10)]
  3545 | D:4      | Killed Pikel
  3546 | D:4      | Reached skill level 9 in Bows
  3546 | D:4      | Reached XP level 8. HP: 6/50 MP: 4/8
  3623 | D:4      | HP: 9/50 [hobgoblin/sling bullet (8)]
  3953 | D:4      | Reached skill level 10 in Bows
  4644 | D:4      | Found a bloodstained altar of Trog.
  4684 | D:5      | Entered Level 5 of the Dungeon
  5035 | D:5      | Reached skill level 11 in Bows
  5035 | D:5      | Reached XP level 9. HP: 54/54 MP: 9/9
  5059 | D:5      | You pick up a book of Burglary and begin reading...
  5059 | D:5      | You add the spells Passwall and Ensorcelled Hibernation to
                  | your library.
  5709 | D:6      | Identified the ring "Paxoij Dile" {Ice Drain rElec rPois
                  | Str+2}
  5741 | D:6      | Killed from afar by a steam dragon

Vanquished Creatures
  Pikel (D:4)
  Grinder (D:3)
  Sigmund (D:2)
  3 water moccasins (D:5)
  2 ogres
  3 lemures (D:4)
  A necrophage (D:4)
  5 scorpions
  An orc priest (D:5)
  A gnoll shaman (D:4)
  4 hounds
  A jelly (D:4)
  2 iguanas
  2 orc wizards (D:5)
  8 gnolls (D:4)
  6 adders
  An ufetubus (D:5)
  3 worms
  3 dart slugs
  7 orcs
  3 ball pythons
  6 bats
  5 endoplasms
  A giant cockroach (D:1)
  7 goblins
  8 hobgoblins
  2 quokkas (D:2)
  3 frilled lizards
  5 kobolds
  4 rats
100 creatures vanquished.

Vanquished Creatures (others)
  17 plants (D:5)
17 creatures vanquished.

Grand Total: 117 creatures vanquished

Table legend:
 A = Non-vault XP
 B = Vault XP
 C = Vault XP percentage of total XP
 D = Non-vault monster count
 E = Vault monster count
 F = Vault count percentage of total count
                 A         B        C        D         E       F
            +---------+---------+-------+---------+---------+-------
      Total |    1919 |    1166 |  37.8 |      93 |       4 |   4.1
            +---------+---------+-------+---------+---------+-------
        D:1 |      32 |       0 |   0.0 |      19 |       0 |   0.0
        D:2 |      82 |     225 |  73.3 |      18 |       2 |  10.0
        D:3 |      32 |     290 |  90.1 |      10 |       1 |   9.1
        D:4 |     584 |     651 |  52.7 |      24 |       1 |   4.0
        D:5 |     989 |       0 |   0.0 |      19 |       0 |   0.0
        D:6 |     200 |       0 |   0.0 |       3 |       0 |   0.0
            +---------+---------+-------+---------+---------+-------

Illustrated notes

Table legend:
 A = Kills in this place as a percentage of kills in entire the game.
 B = Kills by you in this place as a percentage of kills by you in the entire game.
 C = Kills by friends in this place as a percentage of kills by friends in the entire game.
 D = Other kills in this place as a percentage of other kills in the entire game.
 E = Experience gained in this place as a percentage of experience gained in the entire game.
 F = Experience gained in this place divided by the number of levels of this place that you have seen.
                   A       B       C       D       E      F
               +-------+-------+-------+-------+-------+----------------------
         Total | 100.0 | 100.0 |   N/A |   N/A | 100.0 | 514.2
       Dungeon | 100.0 | 100.0 |   N/A |   N/A | 100.0 | 514.2
               +-------+-------+-------+-------+-------+----------------------

Table legend: (Time is in decaauts)
 A = Elapsed time spent in this place.
 B = Non-inter-level travel time spent in this place.
 C = Inter-level travel time spent in this place.
 D = Time resting spent in this place.
 E = Time spent auto-exploring this place.
 F = Levels seen in this place.
 G = Mean time per level.
                   A        B        C        D        E       F      G
               +--------+--------+--------+--------+--------+-----+--------+
         Total |   5711 |   5431 |    280 |   1420 |   3349 |   6 |  951.8 |
       Dungeon |   5711 |   5431 |    280 |   1420 |   3349 |   6 |  951.8 |
               +--------+--------+--------+--------+--------+-----+--------+

Top non-repeatable levels by time:
     D:3: 1493 daAuts
     D:2: 1284 daAuts
     D:4: 1154 daAuts
     D:5: 944 daAuts
     D:1: 732 daAuts
     D:6: 101 daAuts
